 Dungeon Crawl Stone Soup version 0.27-a0-65-gfb268537a3 (webtiles) character file.

Game seed: 14033320871330467314

361988 hehateme the Sniper (level 23, -53/155 HPs)
             Began as a Kobold Hunter on Jan 8, 2021.
             Was a High Priest of Okawaru.
             Annihilated by an enormous slime creature (83 damage)
             ... on level 2 of the Vaults on Jan 9, 2021.
             The game lasted 02:51:19 (98473 turns).

hehateme the Sniper (Kobold Hunter)                Turns: 98473, Time: 02:51:20

Health: -53/155    AC: 25    Str: 27    XL:     23   Next: 50%
Magic:  0/18       EV: 15    Int:  9    God:    Okawaru [*****.]
Gold:   6984       SH: 14    Dex: 10    Spells: 22/22 levels left

rFire    + . .     SeeInvis +   a - +7 hand crossbow (vorpal) {God's Will}
rCold    + . .     Faith    .   H - +0 kite shield
rNeg     + + +     Spirit   +   L - +0 plate armour
rPois    +         Reflect  .   h - +2 helmet
rElec    .         Harm     .   W - scarf {rC+ rF+}
rCorr    +         Rampage  .   K - +2 pair of gloves {archery}
Will     +....                  o - +2 pair of boots "Hopto" {rN+ Regen+ MP-9 Str+9}
Stlth    ..........             G - amulet of guardian spirit {Spirit}
HPRegen  0.75/turn              X - ring "Sisiu" {rPois rN+++ rCorr Int-5 Dex-5}
MPRegen  0.16/turn              S - ring of see invisible

@: no status effects
A: small, nightstalker 3
}: 2/15 runes: decaying, serpentine
a: Renounce Religion, Heroism, Finesse


You were on level 2 of the Vaults.
You worshipped Okawaru.
Okawaru was extremely pleased with you.
You visited 7 branches of the dungeon, and saw 38 of its levels.
You also visited: Ice Cave.

You collected 7261 gold pieces.
You spent 277 gold pieces at shops.

Inventory:

Hand Weapons
 a - a +7 vorpal hand crossbow (weapon) {God's Will}
 z - a +6 quick blade of venom
 U - the +7 captain's cutlass {speed, disarm}
   (You found it on level 9 of the Dungeon)

   Attacks with this weapon are significantly faster.
Missiles
 l - 23 curare-tipped darts
 p - 174 poisoned darts
 q - a throwing net {=f}
 w - 1093 stones
 x - 40 boomerangs
 B - 7 atropa-tipped darts
 E - 3 boomerangs of dispersal {=f}
 R - 1127 bolts (quivered ammo)
 Z - 4 silver boomerangs
Armour
 h - a +2 helmet (worn)
 o - the +2 pair of boots "Hopto" (worn) {rN+ Regen+ MP-9 Str+9}
   (You found it on level 1 of the Depths)

   It affects your strength (+9).
   It protects you from negative energy.
   It affects your magic capacity (-9).
   It increases your rate of regeneration.
 H - a +0 kite shield (worn)
 K - a +2 pair of gloves of archery (worn)
 L - a +0 plate armour (worn)
 W - a scarf of resistance (worn)
Jewellery
 f - an uncursed ring of fire {rF+, rC-}
 k - a +4 ring of evasion
 C - an uncursed ring of resist corrosion
 G - an amulet of guardian spirit (around neck) {Spirit}
 I - an uncursed ring of protection from cold
 S - a ring of see invisible (right hand)
 X - the ring "Sisiu" (left hand) {rPois rN+++ rCorr Int-5 Dex-5}
   (You found it in an ice cave)

   [ring of resist corrosion]

   It affects your intelligence (-5).
   It affects your dexterity (-5).
   It protects you from poison.
   It renders you almost immune to negative energy.
   It provides partial protection from all sources of acid and corrosion.
 Y - a +6 ring of dexterity
Wands
 s - a wand of paralysis (24)
 y - a wand of iceblast (32)
 A - a wand of enslavement (15)
 M - a wand of disintegration (28)
Scrolls
 d - 9 scrolls of remove curse
 e - 2 scrolls of fear
 i - 6 scrolls of identify
 m - 7 scrolls of magic mapping {!r}
 n - 5 scrolls of enchant armour
 t - 4 scrolls of teleportation
 u - 2 scrolls of torment {!r}
 F - a scroll of summoning {unknown}
 P - a scroll of blinking {!r}
 Q - 2 scrolls of fog
Potions
 b - 3 potions of heal wounds
 c - 4 potions of lignification {!q}
 g - 2 potions of brilliance
 j - 6 potions of flight
 r - 2 potions of mutation {!q}
 v - 5 potions of magic
 D - 2 potions of haste
 J - 5 potions of curing
 N - a potion of resistance
 O - a potion of might
 V - 4 potions of cancellation
Miscellaneous
 T - a phantom mirror


   Skills:
 + Level 19.1 Fighting
 - Level 13.1(14.0) Short Blades
 - Level 5.7(8.0) Long Blades
 * Level 24.8 Crossbows
 * Level 11.8 Armour
 - Level 15.0 Dodging
 - Level 1.3 Stealth
 - Level 12.6 Shields
 - Level 6.0 Invocations


You had 22 spell levels left.
You didn't know any spells.
Your spell library contained the following spells:

 Spells                   Type           Power        Failure   Level
 Animate Skeleton         Necr           0%           100%        1
 Apportation              Tloc           0%           100%        1
 Corona                   Hex            0%           100%        1
 Magic Dart               Conj           0%           100%        1
 Summon Small Mammal      Summ           0%           100%        1
 Searing Ray              Conj           0%           100%        2
 Confusing Touch          Hex            0%           100%        3
 Dazzling Flash           Conj/Hex       0%           100%        3
 Gell's Gravitas          Tloc           0%           100%        3
 Fulminant Prism          Conj/Hex       0%           100%        4
 Iskenderun's Mystic Bla  Conj/Tloc      0%           100%        4
 Petrify                  Tmut/Erth      0%           100%        4
 Metabolic Englaciation   Hex/Ice        0%           100%        5
 Yara's Violent Unravell  Hex/Tmut       0%           100%        5


Dungeon Overview and Level Annotations

Branches:
Dungeon (15/15)            Temple (0/1) D:4            Lair (6/6) D:9
  Swamp (4/4) Lair:3        Snake (4/4) Lair:4        Slime (0/5) Lair:5
    Orc (2/2) D:12            Elf (0/3) Orc:2        Vaults (2/5) D:13
  Crypt (0/3) Vaults:2     Depths (5/5) D:15          IceCv (visited)
    Zot: Depths:5

Altars:
Gozag
Kikubaaqudgha
Nemelex Xobeh
Okawaru
Wu Jian
Beogh

Shops:
D:7 (   Orc:2 (!}!   Snake:1 (   Snake:3 =[(([

Portals:
Hell: Depths:1 Depths:2 Depths:3 Depths:4
Abyss: Depths:4
Pandemonium: Orc:2 Depths:3 Depths:4
Ziggurat: Depths:2

Annotations:
D:6 1 runed translucent door, Crazy Yiuf
D:7 exclusion: downstairs
D:15 1 exclusion
Lair:3 exclusion: 2 oklob plants
Lair:5 3 runed translucent doors
Swamp:1 2 runed translucent doors, magipi's ghost, journeyman GnBr
Swamp:4 Nikola
Orc:1 exclusion: oklob plant
Depths:3 3 runed translucent doors, Cingelitt's ghost, adept DgCj; Wufom's ghost, master KoBr
Depths:4 exclusion: statue


Innate Abilities, Weirdness & Mutations

You are small and have problems with some larger weapons.
You are completely attuned to the shadows.


Message History

You now have 14/18 mp.
Fire: 1129 bolts
Aim: an enormous slime creature (severely wounded, strong)
You shoot a bolt.
The bolt hits the enormous slime creature.
You block the enormous slime creature's attack.
The ironbrand convoker points at something and mumbles some strange words.
Fire: 1128 bolts
Aim: an enormous slime creature (severely wounded, strong)
You shoot a bolt.
The bolt hits the enormous slime creature!
The enormous slime creature hits you!!!!
* * * LOW MAGIC WARNING * * *
Ouch! That really hurt!
* * * LOW HITPOINT WARNING * * *
The ironbrand convoker points at something and mumbles some strange words.
The enormous slime creature hits you!!!!
* * * LOW MAGIC WARNING * * *
Ouch! That really hurt!
You die... #...... #...... #...... #...... .... #...... .... #...... .op

#......
####p###############'##
#...oJ@.....'........#
#.#########.#........#
#.#...?...#.#........#
#.#.#####.#.#.......(##
#.#.#...#.#.#........#.
#.#)#.>)#.#)#.....)).#.
#.#.#...))#.#...)...)#.
#.#.#######.'........'.
#.#.........##########)

Skill      XL: |  1  2  3  4  5  6  7  8  9 10 11 12 13 14 15 16 17 18 19 20 21 22 23 |
---------------+----------------------------------------------------------------------+-----
Crossbows      | 5 6 7 8 10 11 13 15 17 18 20 21 22 23 24 | 24.8
Dodging        | 3 4 5 6 8 9 11 13 15 | 15.0
Fighting       | 3 4 6 7 9 10 11 13 14 15 16 17 18 19 | 19.1
Armour         | 7 9 11 | 11.8
Long Blades    | 5 |  5.7
Short Blades   | 6 11 13 | 13.1
Invocations    | 2 6 |  6.0
Shields        | 2 6 9 10 12 | 12.6
Stealth        | |  1.3

Notes
Turn   | Place    | Note
-------+----------+-------------------------------------------
     0 | D:1      | hehateme the Kobold Hunter began the quest for the Orb.
     0 | D:1      | Reached XP level 1. HP: 12/12 MP: 1/1
   167 | D:1      | Reached skill level 5 in Crossbows
   167 | D:1      | Reached XP level 2. HP: 18/18 MP: 2/2
   865 | D:1      | Reached XP level 3. HP: 22/22 MP: 3/3
  1285 | D:2      | Reached skill level 3 in Dodging
  1426 | D:2      | Found an iron altar of Okawaru.
  1441 | D:2      | Reached XP level 4. HP: 25/27 MP: 4/4
  1443 | D:2      | Became a worshipper of Warmaster Okawaru
  1546 | D:2      | Reached skill level 3 in Fighting
  2113 | D:3      | Reached skill level 6 in Crossbows
  2450 | D:3      | Reached XP level 5. HP: 32/32 MP: 5/5
  2483 | D:3      | Found an ancient bone altar of Kikubaaqudgha.
  3590 | D:4      | Reached skill level 4 in Dodging
  3590 | D:4      | Reached XP level 6. HP: 38/38 MP: 6/6
  3601 | D:4      | Reached skill level 7 in Crossbows
  3703 | D:4      | Reached * piety under Okawaru
  3774 | D:4      | Reached skill level 4 in Fighting
  3965 | D:4      | Found a staircase to the Ecumenical Temple.
  3966 | D:4      | Noticed a phantom
  4352 | D:4      | Reached XP level 7. HP: 20/43 MP: 7/7
  4363 | D:4      | HP: 10/43 [poisoned by a worker ant]
  4368 | D:4      | HP: 9/43 [poisoned by a worker ant]
  4373 | D:4      | HP: 8/43 [poisoned by a worker ant]
  4381 | D:4      | HP: 7/43 [poisoned by a worker ant]
  5221 | D:5      | Entered Level 5 of the Dungeon
  5343 | D:5      | Reached skill level 8 in Crossbows
  5545 | D:5      | Reached skill level 5 in Dodging
  6166 | D:5      | Reached XP level 8. HP: 47/48 MP: 8/8
  6268 | D:5      | Reached skill level 5 in Fighting
  6571 | D:5      | Reached ** piety under Okawaru
  6806 | D:5      | Reached skill level 9 in Crossbows
  7727 | D:6      | Reached skill level 6 in Dodging
  8102 | D:6      | Found a runed translucent door.
  8105 | D:6      | Noticed Crazy Yiuf
  8149 | D:6      | Noticed Edmund
  8164 | D:6      | Killed Edmund
  8437 | D:6      | Reached skill level 6 in Fighting
  8437 | D:6      | Reached skill level 10 in Crossbows
  8649 | D:6      | Reached XP level 9. HP: 55/55 MP: 9/9
  8728 | D:7      | Reached skill level 7 in Dodging
  8804 | D:7      | Found Pafi's Weapon Emporium.
  8872 | D:7      | HP: 13/56 [orc warrior/+0 long sword (16)]
  8924 | D:6      | Reached *** piety under Okawaru
  9164 | D:7      | Noticed Joseph
  9971 | D:7      | Reached skill level 11 in Crossbows
 10714 | D:7      | Killed Joseph
 10715 | D:7      | Reached skill level 7 in Fighting
 11046 | D:7      | Noticed Prince Ribbit
 11061 | D:7      | Killed Prince Ribbit
 11062 | D:7      | Reached skill level 8 in Dodging
 11062 | D:7      | Reached XP level 10. HP: 60/63 MP: 10/10
 11598 | D:8      | Reached skill level 12 in Crossbows
 11939 | D:8      | Reached skill level 8 in Fighting
 12023 | D:8      | Noticed Psyche
 12281 | D:8      | Reached **** piety under Okawaru
 12961 | D:7      | HP: 11/64 [polar bear (11)]
 13850 | D:8      | Reached skill level 9 in Dodging
 14351 | D:8      | Killed Psyche
 14461 | D:8      | Reached skill level 13 in Crossbows
 14480 | D:8      | Found a roughly hewn altar of Beogh.
 14890 | D:7      | Received a gift from Okawaru
 15193 | D:8      | HP: 15/65 [orc warrior/+0 trident (9)]
 15197 | D:8      | HP: 2/65 [orc warrior/+0 trident (14)]
 15997 | D:9      | Found a staircase to the Lair.
 16080 | D:9      | Found the +7 captain's cutlass {speed, disarm}
 16965 | D:9      | Noticed a two-headed hydra
 16984 | D:8      | Killed a two-headed hydra
 16984 | D:8      | Received a gift from Okawaru
 16985 | D:8      | Reached skill level 9 in Fighting
 16985 | D:8      | Reached XP level 11. HP: 43/71 MP: 11/11
 17269 | D:9      | Reached ***** piety under Okawaru
 17430 | D:9      | Reached skill level 14 in Crossbows
 17430 | D:9      | Reached skill level 10 in Dodging
 17534 | D:10     | Entered Level 10 of the Dungeon
 17539 | D:10     | Noticed Snorg
 17546 | D:10     | HP: 16/71 [Snorg (10)]
 17861 | D:10     | Noticed a two-headed ogre
 18039 | D:10     | Noticed a two-headed ogre
 18043 | D:10     | Killed a two-headed ogre
 18257 | D:10     | Noticed Grum
 18583 | D:10     | Killed Grum
 18837 | D:10     | Killed a two-headed ogre
 19058 | Lair:1   | Entered Level 1 of the Lair of Beasts
 19613 | Lair:1   | Reached skill level 10 in Fighting
 19613 | Lair:1   | Reached skill level 15 in Crossbows
 19892 | Lair:1   | Received a gift from Okawaru
 20066 | Lair:1   | HP: 8/72 [komodo dragon (25)]
 20077 | Lair:1   | HP: 24/108 [blink frog (6)]
 20082 | Lair:1   | Reached skill level 11 in Dodging
 20088 | Lair:1   | Reached XP level 12. HP: 26/77 MP: 1/12
 20817 | Lair:1   | HP: 13/77 [cane toad (10)]
 20819 | Lair:1   | Reached skill level 7 in Armour
 20819 | Lair:1   | Reached XP level 13. HP: 10/82 MP: 3/13
 20824 | Lair:1   | HP: 3/82 [cane toad (16)]
 21303 | Lair:1   | HP: 30/123 [poisoned by a cane toad]
 21308 | Lair:1   | HP: 24/123 [poisoned by a cane toad]
 21313 | Lair:1   | HP: 22/123 [poisoned by a cane toad]
 21318 | Lair:1   | HP: 20/123 [poisoned by a cane toad]
 21324 | Lair:1   | HP: 19/123 [poisoned by a cane toad]
 21332 | Lair:1   | HP: 13/82 [poisoned by a cane toad]
 21340 | Lair:1   | HP: 12/82 [poisoned by a cane toad]
 21976 | Lair:1   | Reached skill level 1 in Long Blades
 22713 | Lair:2   | HP: 31/124 [black mamba (5)]
 22715 | Lair:2   | Reached skill level 2 in Long Blades
 22718 | Lair:2   | HP: 23/124 [poisoned by a black mamba]
 22719 | Lair:2   | HP: 11/124 [black mamba (8)]
 22724 | Lair:2   | HP: 12/124 [poisoned by a black mamba]
 22729 | Lair:2   | HP: 17/124 [poisoned by a black mamba]
 22735 | Lair:2   | HP: 18/124 [poisoned by a black mamba]
 22740 | Lair:2   | HP: 17/124 [poisoned by a black mamba]
 22747 | Lair:2   | HP: 17/124 [poisoned by a black mamba]
 22755 | Lair:2   | HP: 11/83 [poisoned by a black mamba]
 23502 | Lair:2   | Reached skill level 3 in Long Blades
 23567 | Lair:2   | Noticed a seven-headed hydra
 23753 | Lair:1   | Received a gift from Okawaru
 24163 | Lair:2   | Reached skill level 4 in Long Blades
 24267 | Lair:2   | HP: 20/84 [poisoned by a cane toad]
 24272 | Lair:2   | HP: 16/84 [poisoned by a cane toad]
 24277 | Lair:2   | HP: 13/84 [poisoned by a cane toad]
 24283 | Lair:2   | HP: 11/84 [poisoned by a cane toad]
 24291 | Lair:2   | HP: 10/84 [poisoned by a cane toad]
 24299 | Lair:2   | HP: 10/84 [poisoned by a cane toad]
 24810 | Lair:2   | Noticed a catoblepas
 25457 | Lair:3   | Reached skill level 11 in Fighting
 25881 | Lair:2   | Reached skill level 5 in Long Blades
 26886 | Lair:2   | HP: 31/126 [poisoned by a cane toad]
 26891 | Lair:2   | HP: 26/126 [poisoned by a cane toad]
 26896 | Lair:2   | HP: 22/126 [poisoned by a cane toad]
 26901 | Lair:2   | HP: 21/126 [poisoned by a cane toad]
 26906 | Lair:2   | HP: 19/126 [poisoned by a cane toad]
 26912 | Lair:2   | HP: 12/84 [poisoned by a cane toad]
 26920 | Lair:2   | HP: 12/84 [poisoned by a cane toad]
 27623 | Lair:3   | Reached skill level 1 in Short Blades
 27668 | Lair:2   | Reached skill level 2 in Short Blades
 28133 | Lair:3   | Reached skill level 3 in Short Blades
 28242 | Lair:3   | Found a staircase to the Swamp.
 28261 | Lair:3   | HP: 20/84 [bog body (11)]
 28263 | Lair:3   | Received a gift from Okawaru
 28264 | Lair:3   | Reached skill level 4 in Short Blades
 28264 | Lair:3   | Reached skill level 1 in Invocations
 28827 | Lair:3   | Reached skill level 2 in Invocations
 28861 | Lair:3   | Reached skill level 5 in Short Blades
 29182 | Lair:3   | HP: 17/81 [elephant (9)]
 29186 | Lair:3   | HP: 6/81 [elephant (7)]
 30493 | Lair:4   | Found a staircase to the Snake Pit.
 30617 | Lair:3   | Reached skill level 6 in Short Blades
 30901 | Lair:4   | Reached XP level 14. HP: 57/91 MP: 9/16
 31215 | Lair:3   | Reached skill level 3 in Invocations
 31392 | Lair:4   | Received a gift from Okawaru
 31400 | Lair:4   | Got an encrusted helmet {god gift}
 31406 | Lair:4   | Identified the +2 helmet of Forking Paths {Rampage rPois
                  | Str-4 Int+3} (Okawaru gifted it to you on level 4 of the
                  | Lair of Beasts)
 31527 | Lair:4   | Reached skill level 12 in Fighting
 31527 | Lair:4   | Reached skill level 7 in Short Blades
 31555 | Lair:3   | HP: 23/92 [poisoned by a cane toad]
 31560 | Lair:3   | HP: 20/92 [poisoned by a cane toad]
 31565 | Lair:3   | HP: 18/92 [poisoned by a cane toad]
 31570 | Lair:3   | HP: 18/92 [poisoned by a cane toad]
 31577 | Lair:3   | HP: 17/92 [hell rat (1)]
 31584 | Lair:3   | HP: 17/92 [poisoned by a cane toad]
 32451 | Lair:4   | Reached skill level 4 in Invocations
 32587 | Lair:4   | Reached skill level 8 in Short Blades
 34234 | Lair:5   | Got a twisted rapier
 34277 | Lair:4   | Reached skill level 9 in Short Blades
 34478 | Lair:5   | Reached skill level 5 in Invocations
 34781 | Lair:5   | Found a staircase to the Slime Pits.
 35420 | Lair:5   | Noticed Rupert
 35641 | Lair:5   | Reached skill level 10 in Short Blades
 36152 | Lair:5   | Found a runed translucent gate.
 36153 | Lair:5   | Found a runed translucent gate.
 36154 | Lair:5   | Found a runed translucent gate.
 36347 | Lair:6   | Entered Level 6 of the Lair of Beasts
 36837 | Lair:5   | HP: 21/92 [blink frog (4)]
 36842 | Lair:5   | HP: 17/92 [poisoned by a black mamba]
 36847 | Lair:5   | HP: 15/92 [poisoned by a black mamba]
 36853 | Lair:5   | HP: 12/92 [poisoned by a black mamba]
 36858 | Lair:5   | HP: 11/92 [poisoned by a black mamba]
 36865 | Lair:5   | HP: 11/92 [poisoned by a black mamba]
 36873 | Lair:5   | HP: 11/92 [poisoned by a black mamba]
 37257 | Lair:5   | Reached skill level 6 in Invocations
 37977 | D:10     | Received a gift from Okawaru
 38076 | D:10     | Killed Snorg
 38077 | D:10     | Reached skill level 11 in Short Blades
 38077 | D:10     | Reached skill level 1 in Shields
 38603 | D:10     | Received a gift from Okawaru
 38805 | D:10     | Reached skill level 2 in Shields
 39297 | D:10     | Noticed Sonja
 39321 | D:10     | Killed Sonja
 39322 | D:10     | Reached skill level 13 in Fighting
 39332 | D:10     | HP: 23/94 [poisoned by Sonja]
 39337 | D:10     | HP: 19/94 [poisoned by Sonja]
 39343 | D:10     | HP: 17/94 [poisoned by Sonja]
 39350 | D:10     | HP: 17/94 [poisoned by Sonja]
 39358 | D:10     | HP: 17/94 [poisoned by Sonja]
 39793 | D:11     | Received a gift from Okawaru
 39794 | D:11     | Reached XP level 15. HP: 98/98 MP: 19/19
 39875 | D:11     | Identified the cursed +0 rapier of Gallantry {holy, Int+6}
                  | (You found it on level 5 of the Lair of Beasts)
 40122 | D:11     | Found a frozen archway.
 40191 | IceCv    | Entered an ice cave
 40205 | IceCv    | Received a gift from Okawaru
 40339 | IceCv    | Reached skill level 3 in Shields
 41159 | IceCv    | Reached skill level 12 in Short Blades
 41413 | IceCv    | HP: 24/99 [ice dragon (6)]
 41416 | IceCv    | HP: 10/99 [ice dragon (3)]
 41416 | IceCv    | HP: 4/99 [ice dragon (6)]
 41858 | IceCv    | Got a scintillating tin ring
 41941 | IceCv    | Identified the ring "Sisiu" {rPois rN+++ rCorr Int-5 Dex-5}
                  | (You found it in an ice cave)
 41998 | D:11     | Received a gift from Okawaru
 41999 | D:11     | Noticed Erica
 42020 | D:11     | Killed Erica
 42548 | D:11     | Reached skill level 4 in Shields
 42714 | D:11     | Received a gift from Okawaru
 43380 | D:11     | Received a gift from Okawaru
 43853 | Lair:5   | Paralysed by Rupert for 5 turns
 43858 | Lair:5   | Killed Rupert
 43858 | Lair:5   | Received a gift from Okawaru
 44129 | Lair:6   | Reached skill level 13 in Short Blades
 44745 | Lair:6   | Reached skill level 5 in Shields
 45155 | Lair:5   | Received a gift from Okawaru
 45388 | Lair:6   | Got a scorched war axe
 46810 | Lair:6   | Received a gift from Okawaru
 46811 | Lair:6   | Reached skill level 6 in Shields
 47256 | Lair:6   | Got an ancient glass ring
 47258 | Lair:6   | Identified the ring "Urheuvit" {Will- Int-4 Dex+10 Stlth+}
                  | (You found it on level 6 of the Lair of Beasts)
 47568 | D:12     | Received a gift from Okawaru
 47835 | D:12     | Reached XP level 16. HP: 105/105 MP: 20/20
 47846 | D:12     | Found a staircase to the Orcish Mines.
 47948 | D:11     | Reached skill level 16 in Crossbows
 49299 | D:13     | Reached skill level 14 in Fighting
 49411 | D:13     | Received a gift from Okawaru
 49647 | D:13     | Got a slimy cloak {god gift}
 49661 | D:12     | Identified the +1 cloak of Zeorhil {Int+2} (Okawaru gifted
                  | it to you on level 13 of the Dungeon)
 51336 | D:13     | Found a gate to the Vaults.
 52078 | D:14     | Reached skill level 12 in Dodging
 52747 | D:15     | Entered Level 15 of the Dungeon
 53541 | D:15     | Reached skill level 17 in Crossbows
 54397 | D:15     | Reached skill level 13 in Dodging
 54468 | D:15     | Found a staircase to the Depths.
 54929 | Snake:1  | Entered Level 1 of the Snake Pit
 55070 | Snake:1  | Received a gift from Okawaru
 55635 | Lair:4   | Reached XP level 17. HP: 40/112 MP: 4/21
 55995 | Snake:1  | Received a gift from Okawaru
 57356 | Snake:1  | Found Bawec's Antique Weapon Emporium.
 57368 | Snake:2  | Noticed Vashnia
 57882 | Snake:2  | Received a gift from Okawaru
 58126 | Snake:2  | Killed Vashnia
 58127 | Snake:2  | Reached skill level 18 in Crossbows
 58463 | Snake:2  | Reached skill level 14 in Dodging
 58793 | Snake:2  | Reached skill level 15 in Fighting
 58916 | Snake:2  | Noticed Frances
 59016 | Snake:2  | Received a gift from Okawaru
 59909 | Snake:2  | Killed Frances
 60391 | Snake:3  | Found Doanguaf's Armour Emporium.
 60430 | Snake:3  | HP: 28/113 [anaconda (1)]
 60440 | Snake:2  | HP: 28/113 [poisoned by a black mamba]
 60442 | Snake:2  | HP: 13/113 [black mamba (6)]
 60447 | Snake:2  | HP: 12/113 [poisoned by a black mamba]
 60454 | Snake:2  | HP: 11/113 [poisoned by a black mamba]
 60461 | Snake:2  | HP: 11/113 [poisoned by a black mamba]
 60469 | Snake:2  | HP: 11/113 [poisoned by a black mamba]
 61002 | Snake:3  | Found Sofi Cuule's Armour Emporium.
 61005 | Snake:3  | Found Xuepn's Weapon Shoppe.
 61005 | Snake:3  | Found Eziadia's Jewellery Emporium.
 61008 | Snake:3  | Found Ufeepew's Weapon Shoppe.
 61639 | Snake:3  | Reached skill level 15 in Dodging
 61872 | Snake:3  | Found an opulent altar of Gozag.
 61882 | Snake:3  | Received a gift from Okawaru
 62551 | Snake:3  | Received a gift from Okawaru
 62562 | Snake:3  | Reached XP level 18. HP: 73/119 MP: 13/22
 63115 | Snake:4  | Entered Level 4 of the Snake Pit
 63496 | Snake:4  | Reached skill level 19 in Crossbows
 63496 | Snake:4  | Reached skill level 7 in Shields
 64213 | Snake:3  | Received a gift from Okawaru
 65720 | Snake:4  | Received a gift from Okawaru
 65720 | Snake:4  | HP: 27/120 [something (12)]
 66630 | Snake:4  | Reached skill level 8 in Shields
 66993 | Snake:4  | Received a gift from Okawaru
 67520 | Snake:4  | Received a gift from Okawaru
 67521 | Snake:4  | Reached skill level 16 in Fighting
 67752 | Snake:4  | Got a transparent scale mail
 67753 | Snake:4  | Identified the cursed +0 scale mail of Altruism {rF+ Str+4}
                  | (You found it on level 4 of the Snake Pit)
 68228 | Snake:4  | Reached skill level 20 in Crossbows
 68438 | Snake:4  | Received a gift from Okawaru
 68442 | Snake:4  | Reached skill level 9 in Shields
 68898 | Snake:4  | Reached XP level 19. HP: 115/125 MP: 23/23
 69551 | Snake:4  | Received a gift from Okawaru
 69801 | Snake:4  | Got a serpentine rune of Zot
 70023 | Swamp:1  | Entered Level 1 of the Swamp
 70781 | Swamp:1  | Found a large runed translucent door.
 70782 | Swamp:1  | Found a large runed translucent door.
 70790 | Swamp:1  | Noticed magipi's ghost (journeyman GnBr)
 71042 | Swamp:1  | Received a gift from Okawaru
 71603 | Swamp:1  | Identified 2 scrolls of acquirement
 71606 | Swamp:1  | Acquired 644 gold pieces
 71607 | Swamp:1  | Acquired 1281 gold pieces
 72495 | Swamp:2  | Reached skill level 10 in Shields
 73234 | Swamp:3  | HP: 29/127 [eleionoma/spray of wooden splinters (16)]
 73235 | Swamp:3  | HP: 7/127 [eleionoma/spray of wooden splinters (16)]
 73240 | Swamp:3  | HP: 11/127 [eleionoma (6)]
 73245 | Swamp:3  | HP: 27/127 [eleionoma (3)]
 74391 | Swamp:2  | Received a gift from Okawaru
 75512 | Swamp:3  | Got a pair of steaming gloves
 75525 | Swamp:3  | Identified the -2 pair of gloves "Hoisiag" {Rampage Slay+3}
                  | (You found it on level 3 of the Swamp)
 75716 | Swamp:3  | Reached skill level 21 in Crossbows
 76593 | Swamp:4  | Entered Level 4 of the Swamp
 77515 | Swamp:4  | Reached XP level 20. HP: 133/133 MP: 24/24
 77693 | Swamp:3  | Reached skill level 11 in Shields
 78860 | Swamp:4  | Reached skill level 17 in Fighting
 79026 | Swamp:4  | Paralysed by a fenstrider witch for 3 turns
 79512 | Swamp:4  | Got a decaying rune of Zot
 79872 | Swamp:4  | Noticed Nikola
 80131 | Orc:1    | Entered Level 1 of the Orcish Mines
 80295 | Orc:1    | Noticed Urug
 80307 | Orc:1    | Killed Urug
 80516 | Orc:1    | You fall into a shaft and drop 1 floor!
 80516 | Orc:2    | Entered Level 2 of the Orcish Mines
 80806 | Orc:1    | Noticed Nergalle
 80811 | Orc:1    | Killed Nergalle
 82363 | Orc:2    | Found a staircase to the Elven Halls.
 82626 | Orc:2    | Found Saatzaica's Distillery.
 82630 | Orc:2    | Found Qockoim's Distillery.
 82639 | Orc:2    | Bought a potion of curing for 33 gold pieces
 82639 | Orc:2    | Bought a potion of heal wounds for 55 gold pieces
 82639 | Orc:2    | Bought a potion of curing for 33 gold pieces
 82639 | Orc:2    | Bought a potion of lignification for 33 gold pieces
 82639 | Orc:2    | Bought a potion of lignification for 33 gold pieces
 82641 | Orc:2    | Bought a potion of heal wounds for 50 gold pieces
 82664 | Orc:2    | Bought a potion of might for 40 gold pieces
 82743 | Orc:2    | HP: 31/134 [orc priest/divine providence (11)]
 83430 | Orc:2    | Received a gift from Okawaru
 83455 | Orc:2    | Reached skill level 22 in Crossbows
 83629 | Orc:2    | Found Qajy's Antique Weapon Shop.
 83629 | Orc:2    | Found Juogaf's Gadget Boutique.
 83636 | Orc:2    | Received a gift from Okawaru
 83704 | Orc:2    | Found a one-way gate leading to the halls of Pandemonium.
 84406 | Depths:1 | Entered Level 1 of the Depths
 84981 | D:15     | Reached skill level 12 in Shields
 85809 | Depths:1 | Noticed Asterion
 85817 | Depths:1 | Killed Asterion
 85860 | Depths:1 | Got a pair of smoking boots
 85861 | Depths:1 | Identified the +2 pair of boots "Hopto" {rN+ Regen+ MP-9
                  | Str+9} (You found it on level 1 of the Depths)
 86019 | Depths:1 | Reached XP level 21. HP: 59/140 MP: 7/25
 86168 | Depths:1 | Found an ornate altar of the Wu Jian Council.
 86637 | Depths:1 | Noticed Aizul
 86652 | Depths:1 | Killed Aizul
 86677 | Depths:1 | Received a gift from Okawaru
 86800 | Depths:1 | Found a gateway to Hell.
 87326 | Depths:2 | Received a gift from Okawaru
 87558 | Depths:2 | Received a gift from Okawaru
 88026 | Depths:2 | Found a gateway to a ziggurat.
 88256 | Depths:2 | Received a gift from Okawaru
 88297 | Depths:2 | Reached skill level 8 in Armour
 88471 | Depths:2 | Noticed a lich
 88480 | Depths:2 | Killed a lich
 88831 | Depths:3 | Received a gift from Okawaru
 88837 | Depths:3 | Got a pair of heavily runed gloves {god gift}
 88848 | Depths:3 | Identified the +2 pair of gloves of Dice, Bag, and Bottle
                  | {Rampage SInv} (Okawaru gifted it to you on level 3 of the
                  | Depths)
 88890 | Depths:3 | Reached skill level 23 in Crossbows
 89118 | Depths:3 | Reached skill level 18 in Fighting
 89143 | Depths:3 | HP: 23/141 [spriggan defender/+5 quick blade[a spriggan
                  | defender] (19)]
 89148 | Depths:3 | HP: 34/141 [spriggan rider/+0 spear[a spriggan defender]
                  | (5)]
 90294 | Depths:3 | Found a runed translucent gate.
 90294 | Depths:3 | Found a runed translucent gate.
 90301 | Depths:3 | Found a runed translucent gate.
 90484 | Depths:3 | Found an ancient bone altar of Kikubaaqudgha.
 90484 | Depths:3 | Noticed an ancient lich
 90484 | Depths:3 | Noticed an ancient lich
 90484 | Depths:3 | Noticed an ancient lich
 90484 | Depths:3 | Noticed Cingelitt's ghost (adept DgCj)
 90485 | Depths:3 | Noticed Wufom's ghost (master KoBr)
 90681 | Depths:4 | Reached skill level 9 in Armour
 91124 | Depths:4 | Noticed Margery
 91155 | Depths:4 | Killed Margery
 91156 | Depths:4 | Reached XP level 22. HP: 129/147 MP: 13/26
 91546 | Depths:4 | Found a one-way gate to the infinite horrors of the Abyss.
 92492 | Depths:4 | Noticed a lich
 92499 | Depths:4 | Killed a lich
 92499 | Depths:4 | Received a gift from Okawaru
 92757 | Depths:4 | Found a sparkling altar of Nemelex Xobeh.
 92844 | Depths:4 | Reached skill level 10 in Armour
 92924 | Depths:5 | Entered Level 5 of the Depths
 93187 | Vaults:1 | Entered Level 1 of the Vaults
 93796 | Vaults:1 | Got an ancient leather armour
 93807 | Vaults:1 | Identified the +1 leather armour of Iqeskos {rC++ Will-
                  | Str+4} (You found it on level 1 of the Vaults)
 94689 | Vaults:1 | Reached skill level 24 in Crossbows
 94854 | Vaults:1 | Received a gift from Okawaru
 96648 | Vaults:2 | Reached skill level 11 in Armour
 96741 | Vaults:2 | Reached XP level 23. HP: 153/153 MP: 18/27
 97202 | Vaults:2 | Received a gift from Okawaru
 97441 | Vaults:2 | Found a staircase to the Crypt.
 97514 | Vaults:2 | Reached skill level 19 in Fighting
 97882 | Vaults:2 | Noticed a deep elf demonologist
 97900 | Vaults:2 | Noticed a Tzitzimitl
 97903 | Vaults:2 | Killed a deep elf demonologist
 98419 | Vaults:2 | Noticed a deep elf sorcerer
 98473 | Vaults:2 | HP: 30/155 [enormous slime creature (98)]
 98473 | Vaults:2 | Annihilated by an enormous slime creature

Table legend: (Time is in decaauts)
 A = Elapsed time spent in this place.
 B = Non-inter-level travel time spent in this place.
 C = Inter-level travel time spent in this place.
 D = Time resting spent in this place.
 E = Time spent auto-exploring this place.
 F = Levels seen in this place.
 G = Mean time per level.
                   A        B        C        D        E       F      G
               +--------+--------+--------+--------+--------+-----+--------+
         Total |  98431 |  94202 |   4229 |  41695 |  38792 |  39 | 2523.9 |
       Dungeon |  32532 |  30711 |   1821 |  12032 |  14128 |  15 | 2168.8 |
          Lair |  21918 |  20831 |   1087 |  11766 |   6067 |   6 | 3653.0 |
         Swamp |  10355 |   9983 |    372 |   4733 |   4098 |   4 | 2588.8 |
     Snake Pit |  14469 |  14064 |    405 |   7484 |   5066 |   4 | 3617.2 |
  Orcish Mines |   4173 |   4050 |    123 |   1352 |   2059 |   2 | 2086.5 |
        Vaults |   5163 |   5125 |     38 |   1311 |   2600 |   2 | 2581.5 |
        Depths |   8017 |   7637 |    380 |   2058 |   4294 |   5 | 1603.4 |
      Ice Cave |   1801 |   1801 |      0 |    958 |    480 |   1 | 1801.0 |
               +--------+--------+--------+--------+--------+-----+--------+

Top non-repeatable levels by time:
 Snake:4: 6349 daAuts
  Lair:4: 4251 daAuts
  Lair:2: 4221 daAuts
  Lair:3: 3687 daAuts
  Lair:1: 3664 daAuts
 Swamp:3: 3599 daAuts
  Lair:5: 3332 daAuts
     D:7: 3113 daAuts
     D:8: 3001 daAuts
     D:6: 2914 daAuts
    D:10: 2864 daAuts
 Snake:3: 2852 daAuts
 Snake:2: 2800 daAuts
    D:15: 2780 daAuts
     D:9: 2777 daAuts

Table legend:
 A = Kills in this place as a percentage of kills in entire the game.
 B = Kills by you in this place as a percentage of kills by you in the entire game.
 C = Kills by friends in this place as a percentage of kills by friends in the entire game.
 D = Other kills in this place as a percentage of other kills in the entire game.
 E = Experience gained in this place as a percentage of experience gained in the entire game.
 F = Experience gained in this place divided by the number of levels of this place that you have seen.
                   A       B       C       D       E      F
               +-------+-------+-------+-------+-------+----------------------
         Total | 100.0 | 100.0 | 100.0 |   N/A | 100.0 | 16306.6
       Dungeon |  31.1 |  31.1 |   0.0 |   N/A |  12.0 | 5078.9
          Lair |  13.4 |  13.4 |   0.0 |   N/A |  10.0 | 10595.2
         Swamp |   8.7 |   8.7 |   0.0 |   N/A |  13.5 | 21420.0
     Snake Pit |  12.9 |  12.9 |   0.0 |   N/A |  20.4 | 32462.8
  Orcish Mines |   9.2 |   9.3 |   0.0 |   N/A |   4.6 | 14480.5
        Vaults |  12.0 |  12.0 |   0.0 |   N/A |  16.7 | 53047.0
        Depths |  11.4 |  11.3 | 100.0 |   N/A |  22.1 | 28055.6
      Ice Cave |   1.3 |   1.3 |   0.0 |   N/A |   0.8 | 5341.0
               +-------+-------+-------+-------+-------+----------------------

Action                   |  1- 3 |  4- 6 |  7- 9 | 10-12 | 13-15 | 16-18 | 19-21 | 22-24 || total
-------------------------+-------+-------+-------+-------+-------+-------+-------+-------++-------
Melee: Dagger            |       |       |   145 |   222 |       |       |       |       ||   367
       Short sword       |       |       |    19 |       |       |       |       |       ||    19
       Cutlass           |       |       |       |     5 |   166 |       |       |       ||   171
       Quick blade       |       |       |       |       |  1740 |       |       |       ||  1740
       Hand crossbow     |       |       |       |       |     2 |     1 |     9 |       ||    12
 Fire: Hand crossbow     |    45 |   160 |   196 |   201 |   632 |  1472 |  1711 |  1051 ||  5468
       Shortbow          |       |       |       |    85 |       |       |       |       ||    85
Throw: Dart              |       |       |    22 |    27 |    97 |       |       |       ||   146
       Boomerang         |       |       |       |    22 |     2 |       |       |       ||    24
Invok: Heroism           |       |     1 |     4 |     3 |    19 |    35 |    23 |    16 ||   101
       Finesse           |       |       |       |     1 |     3 |    12 |     9 |     4 ||    29
Evoke: Wand              |       |       |       |    16 |    21 |     1 |     1 |       ||    39
       Phantom mirror    |       |       |       |       |     1 |     1 |     3 |       ||     5
  Use: Scroll            |       |       |    10 |     7 |    19 |     5 |    22 |     4 ||    67
       Potion            |       |       |     2 |    13 |    24 |     3 |     9 |       ||    51
 Stab: Invisible         |       |       |       |     2 |     3 |       |       |       ||     5
Armor: Scale mail        |    10 |    28 |     4 |       |       |       |       |       ||    42
       Chain mail        |       |       |   133 |   142 |       |       |       |       ||   275
       Plate armour      |       |       |       |    84 |   750 |   376 |   449 |   280 ||  1939
       Skin              |       |       |       |     2 |    26 |       |       |       ||    28
Dodge: Dodged            |     7 |    48 |    76 |   159 |   540 |   439 |   497 |   337 ||  2103
Block: Kite shield       |       |       |    74 |   134 |   598 |   518 |   675 |   484 ||  2483

Vanquished Creatures
  Margery (Depths:4)
  Vashnia (Snake:2)
  2 liches
  A tentacled monstrosity (Vaults:2)
  Rupert (Lair:5)
  Frances (Snake:2)
  A sphinx (Depths:3)
  A shadow dragon (Depths:4)
  A tengu reaver (Vaults:2)
  6 nagarajas
  A frost giant (Depths:1)
  3 fenstrider witches (Swamp:4)
  3 vault wardens
  Aizul (Depths:1)
  An orc warlord (Orc:1)
  13 very ugly things
  2 spriggan defenders (Depths:3)
  10 stone giants
  6 ironheart preservers
  A reaper (Swamp:4)
  2 vampire knights
  A deep elf demonologist (Vaults:2)
  2 deep elf annihilators
  5 bunyips
  Snorg (D:10)
  A merfolk javelineer (Depths:1)
  6 ettins
  9 eleionomae
  2 green deaths
  A deep elf death mage (Vaults:1)
  4 fire dragons (Depths:1)
  9 yaktaur captains
  4 vault guards
  A rakshasa (Depths:3)
  7 ice dragons
  A hell beast (Depths:4)
  Erica (D:11)
  A catoblepas (Lair:5)
  2 boulder beetles
  A ghost crab (Swamp:3)
  14 hydras
  6 centaur warriors
  13 anacondas
  A spriggan air mage (Depths:3)
  15 naga warriors
  7 alligators
  21 two-headed ogres
  8 death yaks
  7 ogre magi
  Urug (Orc:1)
  4 deep troll earth magi
  3 deep troll shamans
  A vampire mage (Depths:2)
  2 tengu warriors
  A spriggan berserker (Depths:3)
  23 naga sharpshooters
  14 shock serpents
  3 soul eaters
  7 orc high priests (Orc:2)
  Nergalle (Orc:1)
  Sonja (D:10)
  7 hell knights
  4 deep elf knights
  A sixfirhy (Swamp:4)
  8 salamander mystics
  2 sun demons (Depths:4)
  4 iron trolls (Depths:4)
  7 goliath frogs
  A titan skeleton (Depths:3)
  17 skeletal warriors
  6 glowing orange brains
  20 deep trolls
  2 death drakes (shapeshifter)
  10 swamp dragons
  2 spriggan druids
  5 unseen horrors
  A gelid demonspawn (Orc:2)
  A harpy (shapeshifter) (Vaults:1)
  5 bog bodies
  5 harpies
  14 orc knights
  5 naga ritualists
  2 deep elf archers (D:13)
  2 phantasmal warriors (Depths:1)
  A tengu zombie (Vaults:2)
  4 ironbrand convokers
  6 lindwurms
  8 deep elf magi
  11 orc sorcerers
  2 wizards
  10 mana vipers
  23 ugly things
  2 tengu skeletons
  3 wolf spiders
  3 cyclopes
  5 necromancers
  A manticore (D:14)
  11 salamanders
  4 will-o-the-wisps
  A frost giant skeleton (Vaults:2)
  6 human skeletons (Vaults:2)
  2 ice statues (IceCv)
  A rust devil (Depths:4)
  A centaur zombie (D:14)
  Joseph (D:7)
  37 black mambas
  28 naga magi
  Psyche (D:8)
  20 elephants
  5 guardian serpents (Snake:4)
  4 vault sentinels (Vaults:1)
  3 gargoyles
  2 orange demons (Swamp:4)
  A torpor snail (shapeshifter) (Vaults:2)
  12 cane toads
  A smoke demon (Orc:2)
  A kobold demonologist (D:12)
  5 rime drakes
  42 yaktaurs
  11 komodo dragons
  A yaktaur (shapeshifter) (D:13)
  2 freezing wraiths (Vaults:1)
  An efreet (D:15)
  2 ice devils (Depths:4)
  A hellwing (Orc:2)
  6 tengu conjurers
  A red devil (Depths:4)
  A meliai (shapeshifter) (D:14)
  A polar bear (shapeshifter) (Depths:3)
  4 polar bears
  2 yaktaur skeletons
  3 meliai (D:13)
  A bloated husk (Swamp:3)
  Prince Ribbit (D:7)
  12 tyrant leeches
  2 harpy skeletons (D:15)
  10 trolls
  A meliai zombie (D:10)
  8 dream sheep
  A blink frog (shapeshifter) (Vaults:2)
  25 blink frogs
  11 hornets
  37 slime creatures
  A human simulacrum (Vaults:1)
  8 water elementals (Depths:1)
  A wyvern (shapeshifter) (Vaults:2)
  An ettin skeleton (Vaults:2)
  A tarantella (shapeshifter) (D:13)
  A vampire (D:9)
  8 spriggans
  6 wyverns
  2 shadows
  38 yaks
  Grum (D:10)
  16 vampire mosquitoes
  6 basilisks
  3 chaos spawn
  A yaktaur simulacrum (Vaults:2)
  Edmund (D:6)
  33 nagas
  A soldier ant (shapeshifter) (Depths:2)
  20 swamp worms
  A warg (Vaults:1)
  4 human zombies
  4 acid dragons
  14 water moccasins
  A deep troll skeleton (Vaults:2)
  A swamp drake (shapeshifter) (D:12)
  29 ice beasts
  A black bear (D:6)
  A black bear (shapeshifter) (Vaults:1)
  A hornet zombie (D:11)
  4 sky beasts
  35 orc warriors
  3 phantoms
  A swamp drake (Swamp:1)
  An eye of draining (shapeshifter) (D:14)
  A necrophage (D:5)
  14 ogres
  30 wolves
  12 boggarts
  25 centaurs
  7 big kobolds
  A gnoll sergeant (D:9)
  23 bullfrogs
  A yaktaur zombie (Vaults:1)
  A troll zombie (D:12)
  A wyvern skeleton (D:13)
  2 scorpions
  2 water moccasin skeletons
  A killer bee (D:10)
  8 wights
  An orc simulacrum (Vaults:2)
  2 howler monkeys
  11 electric eels
  3 quasits
  10 hounds
  6 centaur skeletons
  6 jellies
  36 orc priests
  3 bullfrog skeletons
  A gnoll shaman (Orc:1)
  6 iguanas
  23 orc wizards
  12 hell rats
  A killer bee zombie (D:6)
  9 worker ants
  5 ogre zombies (D:12)
  3 centaur simulacra
  A hound zombie (D:11)
  A hound skeleton (D:9)
  2 worker ant zombies
  A howler monkey zombie (D:10)
  10 adders
  16 gnolls
  3 shadow imps
  3 white imps
  A worker ant simulacrum (D:8)
  2 ufetubi
  An ooze (D:3)
  2 adder skeletons
  4 worms
  A dart slug (shapeshifter) (Depths:2)
  3 dart slugs
  5 leopard geckos
  103 orcs
  3 ball pythons (D:2)
  5 bats
  5 giant cockroaches
  5 goblins
  8 hobgoblins
  8 jackals
  5 quokkas
  2 frilled lizards
  2 goblin skeletons (D:12)
  2 goblin zombies (D:12)
  A hobgoblin skeleton (D:12)
  3 hobgoblin zombies (D:12)
  A jackal zombie (D:8)
  14 kobolds
  4 orc skeletons
  9 orc zombies (D:12)
  A quokka skeleton (D:7)
  8 rats
  A fire vortex (Depths:4)
1578 creatures vanquished.

Vanquished Creatures (collateral kills)
  Asterion (Depths:1)
  A great orb of eyes (Depths:1)
2 creatures vanquished.

Vanquished Creatures (others)
  A black mamba (Snake:4)
  A spriggan (Swamp:4)
  4 bushes
  26 foxfires
  74 fungi
  117 plants
223 creatures vanquished.

Grand Total: 1803 creatures vanquished You could see an enormous slime creature (strong), an ironbrand convoker (catching breath), an orc warrior and an orc.

Levels and vault maps discovered:
D:1:      ncdulo_lavacross, layout_loops_corners, minmay_misc_feat_alley
D:2:      layout_basic, minmay_misc_feat_square, okawaru_gym_becter
D:3:      layout_loops_ring, overflow_temple_1_default, minmay_statues_item
D:4:      minmay_door_path, layout_basic, minmay_temple_entry_statues_fountains,
          serial_glass, glass_columns_b, glass_columns_b, lightli_corner_chamber
D:5:      layout_rooms
D:6:      layout_rooms, uniq_edmund, uniq_crazy_yiuf_cottage
D:7:      layout_basic, serial_shops, shop, the_bakery, uniq_joseph,
          uniq_prince_ribbit1
D:8:      layout_rooms, special_room [special_room_orc], serial_ice,
          serial_ice_m, serial_ice_f, serial_ice_c, serial_ice_j, serial_ice_h,
          uniq_psyche
D:9:      layout_stronghold, dpeg_oklobed_lair, hangedman_ranch
          [blue_anna_fruit_fields]
D:10:     layout_basic, chequers_serial_rivers_small_a, minmay_alternating_orb,
          uniq_grum, uniq_snorg, uniq_sonja
D:11:     layout_basic, portal_ice_cave_entry_ice_beasts, uniq_erica
D:12:     layout_roguey, zombieorc1_lemuel
D:13:     layout_long_grid, david_vaults_4
D:14:     layout_basic
D:15:     grunt_enter_depths_magical_seal, layout_basic
Lair:1:   layout_small_grid, serial_bayou_pond_a
Lair:2:   layout_small_grid, small_statue_intersection
Lair:3:   layout_roguey, skrybe_swamp_entry_bodies, minmay_lair_oklob_chamber
Lair:4:   layout_gridlike, dummy_snake_entry
Lair:5:   layout_layer_cave, minmay_slime_entry_pillars,
          gammafunk_ghost_necromancy, uniq_rupert
Lair:6:   grunt_lair_end_beastmaster, layout_regular_city, lemuel_fruit_fields,
          serial_bayou_shore_a, grunt_megastairs_4
Swamp:1:  layout_falls_marsh, ebering_ghost_disaster_area, serial_swamp_ruin,
          hangedman_swamp_ruin_wall, evilmike_swamp_ruin_rubble_2,
          evilmike_swamp_ruin_house_5, uniq_louise
Swamp:2:  layout_basic_swamp, nicolae_swamp_very_dense_foliage
Swamp:3:  nzn_winding_woodlands_cross [nzn_winding_woodlands_5x15_longhouse,
          nzn_winding_woodlands_5x15_sidewinder,
          nzn_winding_woodlands_5x15_pathside_ponds,
          nzn_winding_woodlands_5x15_lazy_stream,
          nzn_winding_woodlands_15x15_killbox], layout_basic_swamp,
          evilmike_swamp_ruin_house_4
Swamp:4:  nzn_swamp_witches_coven, layout_basic_swamp, swamp_pool1,
          kb_tengu_band, uniq_nikola
Snake:1:  layout_onion_interference, serial_shops, nicolae_shop_window_shopping,
          st_stairs_7, grunt_megastairs_5
Snake:2:  layout_misc_corridors, uniq_vashnia, uniq_frances
Snake:3:  layout_chambers, basic_altar, serial_shops, shop, minmay_shoptagon
Snake:4:  snake_pit_salamanders_mu, layout_cave_town,
          nicolae_snake_linked_coils, grunt_megastairs_2
Orc:1:    cheibrodos_orc_arena, layout_caves, mines3_lemuel, uniq_urug,
          uniq_nergalle
Orc:2:    pf_orc_diabolical, layout_diamond_mine
Vaults:1: v_misc_1, vaults_room_boxed, vaults_dpeg_doors, grunt_vaults_funnel,
          ontoclasm_vaults_hangar, hangedman_vaults_snaps,
          vaults_mumra_minichess_inversion, hangedman_vaults_cutoff,
          layout_vaults_ring
Vaults:2: minmay_crypt_entry_skeletal_spiral, v_misc_27, v_misc_9,
          hangedman_vaults_nails, hangedman_vaults_cutoff, vaults_mumra_hex,
          ontoclasm_vaults_hangar, ontoclasm_vaults_ring_large,
          vaults_standard_mumra_x, hangedman_vaults_corner_blocks,
          vaults_room_pool, vaults_room_hallway, kb_rosetta,
          layout_vaults_omnibox
Depths:1: layout_cave_pools, hell_entry, minmay_misc_feat_enclosed,
          minmay_holes, st_stairs_11, kennysheep_diamond, minmay_microvault,
          firewood_loft, uniq_aizul, uniq_asterion
Depths:2: grunt_bruiser_brothers, layout_small_grid, enter_ziggurat_a,
          minmay_fountain_box, hell_entry, infiniplex_staircase_trident
Depths:3: regret_index_uskayaw_diablada_macabre, layout_gridlike,
          kennysheep_flooded_box, pf_hell_entry_great_geh,
          rand_demon_pan_entry_8, gammafunk_ghost_crypt,
          infiniplex_staircase_pool_2
Depths:4: evilmike_halls_of_destruction, layout_gridlike, abandoned_shop,
          abyss_entry_glasseish, grunt_mini_vestibule, rand_demon_pan_entry_1,
          nemelex_xobeh_ov_fountains_minmay, uniq_margery
Depths:5: evilmike_zot_entry_diamond, layout_twisted_cross, hellmouth_3,
          gammafunk_ghost_tricky_traps, serial_sigils_hangedman_stare,
          minivault_16
